 Dungeon Crawl Stone Soup version 0.24-a0-415-g6d73c25c48 (webtiles) character file.

Game seed: 4712679899585581368

91 emperorscorpion the Chopper (level 4, -13/37 HPs)
             Began as a Demonspawn Berserker on June 7, 2019.
             Was a Follower of Trog.
             Shot with an arrow by a centaur (16 damage)
             ... on level 4 of the Dungeon.
             The game lasted 00:01:47 (376 turns).

emperorscorpion the Chopper (Demonspawn Berserker)   Turns: 376, Time: 00:01:48

Health: -13/37     AC:  2    Str: 19    XL:     4   Next: 34%
Magic:  4/4        EV: 12    Int:  8    God:    Trog [*.....]
Gold:   71         SH:  0    Dex: 14    Spells: 3/3 levels left

rFire    . . .     SeeInvis .   a - +0 hand axe
rCold    . . .     Gourm    .   (no shield)
rNeg     . . .     Faith    .   b - +0 animal skin
rPois    .         Spirit   .   (no helmet)
rElec    .         Reflect  .   (no cloak)
rCorr    .         Harm     .   (no gloves)
MR       .....                  (no boots)
Stlth    ++........             (no amulet)
HPRegen  0.12/turn              (no ring)
MPRegen  0.09/turn              (no ring)

@: berserk cooldown, slowed, very slow
A: thin skeletal structure 1, powered by pain 1
a: Berserk, Renounce Religion


You were on level 4 of the Dungeon.
You worshipped Trog.
Trog was aware of your devotion.
You were not hungry.

You visited 1 branch of the dungeon, and saw 4 of its levels.

You collected 71 gold pieces.

Inventory:

Hand Weapons
 a - a +0 hand axe (weapon)
 i - a +0 trident
Missiles
 h - 5 boomerangs (quivered)
Armour
 b - a +0 animal skin (worn)
Scrolls
 g - a scroll of identify {unknown}
 j - a scroll of enchant armour {unknown}
Potions
 e - a potion of invisibility {unknown}
 f - a potion of curing {unknown}
Comestibles
 c - 2 rations
 d - 4 chunks of flesh


   Skills:
 + Level 3.7 Fighting
 + Level 3.9 Axes
 + Level 2.1 Armour
 + Level 2.1 Dodging
 + Level 0.1 Stealth


You had 3 spell levels left.
You didn't know any spells.
Your spell library was empty.

Dungeon Overview and Level Annotations

Branches:
Dungeon (4/15)
 Temple: D:4-7

Altars:


Innate Abilities, Weirdness & Mutations

You have a somewhat thin skeletal structure. (Dex +2, Stealth)
You sometimes gain a little power by taking damage.


Message History

Things that are here:
a +0 leather armour; an orc corpse You butcher the orc corpse.
You feel your anger nearly subside.
You are no longer berserk.
You are exhausted.
You feel yourself slow down.
d - 4 chunks of flesh
Things that are here:
a +0 leather armour; an orc skeleton A centaur comes into view.
The orc wizard shouts!
The centaur wields a cursed -2 shortbow.
The centaur shoots an arrow.
The arrow hits you!
* * * LOW HITPOINT WARNING * * *
Found a ration.
You see here an arrow.
The centaur shoots an arrow.
The arrow hits you.
* * * LOW HITPOINT WARNING * * *
The centaur shoots an arrow.
The arrow hits you!
You die...

### ...# #.# #.. $c. #.#
#.# #.. ## #.# #.#
####.. #..
#.####.######..... ....
#.....[........... .....
#....#)######.##..
......#....#.# #.##..
...o.c.@(..#.# ###.##..
...........#.. .....#..
.......>....... .......)
#.#........#.######.....
.........###.# ...##...
#.#....### #.# .c......
....... #.# ....##.#
%#.### .(.. #.# ... #.


You could see a centaur and an orc wizard.

Vanquished Creatures
  2 hounds (D:4)
  An adder (D:4)
  A leopard gecko (D:4)
  5 orcs (D:4)
  A bat (D:1)
  5 jackals
  A quokka (D:2)
  A frilled lizard (D:1)
  A leopard gecko skeleton (D:4)
18 creatures vanquished.

Notes
Turn   | Place    | Note
-------+----------+-------------------------------------------
     0 | D:1      | emperorscorpion the Demonspawn Berserker began the quest
                  | for the Orb.
     0 | D:1      | Reached XP level 1. HP: 18/18 MP: 1/1
   241 | D:4      | Noticed a hound
   241 | D:4      | Noticed a hound
   247 | D:4      | Killed a hound
   247 | D:4      | Gained mutation: You have a somewhat thin skeletal
                  | structure. (Dex +2, Stealth) [demonic ancestry]
   247 | D:4      | Reached XP level 2. HP: 24/24 MP: 2/2
   247 | D:4      | Reached XP level 3. HP: 29/29 MP: 3/3
   254 | D:4      | Gained mutation: You sometimes gain a little power by
                  | taking damage. [demonic ancestry]
   254 | D:4      | Reached XP level 4. HP: 36/36 MP: 4/4
   322 | D:4      | Noticed a centaur
   373 | D:4      | Noticed a centaur
   376 | D:4      | Shot with an arrow by a centaur

Levels and vault maps discovered:
D:1:      psy_arrival_basics, layout_rooms
D:2:      layout_loops_ring, grunt_temple_overflow_open, serial_glass,
          glass_columns_c, glass_columns_b, glass_columns_a, glass_columns_a,
          glass_columns_a, glass_columns_c, due_unseen_surprise,
          minmay_strange_pillars, minmay_strange_pillars,
          minmay_strange_pillars, tso_altar
D:3:      layout_basic, first_ration, uniq_robin
D:4:      layout_basic

Skill      XL: |  1  2  3 |
---------------+----------+-----
Axes           | 3 |  3.9
Dodging        | 2 |  2.1
Armour         | 2 |  2.1
Fighting       | |  3.7
Stealth        | |  0.1

Action                   |  1- 3 |  4- 6 || total
-------------------------+-------+-------++-------
Melee: Hand axe          |    31 |    29 ||    60
Invok: Berserk           |     2 |     2 ||     4
  Eat: Chunk             |       |     2 ||     2
Armor: Animal skin       |     3 |     9 ||    12
Dodge: Dodged            |    24 |    19 ||    43

Table legend:
 A = Non-vault XP
 B = Vault XP
 C = Vault XP percentage of total XP
 D = Non-vault monster count
 E = Vault monster count
 F = Vault count percentage of total count
                 A         B        C        D         E       F
            +---------+---------+-------+---------+---------+-------
      Total |     131 |       0 |   0.0 |      18 |       0 |   0.0
            +---------+---------+-------+---------+---------+-------
        D:1 |       7 |       0 |   0.0 |       4 |       0 |   0.0
        D:2 |       2 |       0 |   0.0 |       1 |       0 |   0.0
        D:4 |     122 |       0 |   0.0 |      13 |       0 |   0.0
            +---------+---------+-------+---------+---------+-------
